San Jose Sharks vs Minnesota North Stars
Created - Wednesday, May 31, 2023 at 09:33
Goals
|
| San Jose Sharks |
4 |
2 |
0 |
6 |
| Minnesota North Stars |
1 |
1 |
1 |
3 |
|
Shots
|
| San Jose Sharks |
19 |
12 |
6 |
37 |
| Minnesota North Stars |
10 |
10 |
11 |
31 |
|
1st period
1. San Jose Sharks , Michael Bunting 14 (Anthony DeAngelo 24) at 5:03
2. San Jose Sharks , Ryan Strome 13 (David Savard 18) at 10:09
3. Minnesota North Stars , Evgeni Malkin 22 (Jack Hughes 35) at 10:39
4. San Jose Sharks , Oliver Bjorkstrand 35 (Ryan Hartman 43) at 12:36 (PP)
5. San Jose Sharks , Michael Bunting 15 (Jesper Fast 8, Rem Pitlick 4) at 17:25
Penalties :
Zdeno Chara (MNS) for Roughing (Minor) at 6:20, Zdeno Chara (MNS) for Tripping (Minor) at 12:32
2nd period
6. San Jose Sharks , Oliver Bjorkstrand 36 (Anthony DeAngelo 25, William Karlsson 35) at 9:19 (PP)
7. Minnesota North Stars , Jonathan Toews 13 (Jeff Skinner 28) at 11:02 (PP)
8. San Jose Sharks , Ryan Strome 14 (Jakob Silfverberg 26) at 15:20
Penalties :
David Perron (MNS) for Hooking (Minor) at 0:55, Zdeno Chara (MNS) for Hooking (Minor) at 9:07, Anthony DeAngelo (SJS) for Hooking (Minor) at 10:58, Gustav Forsling (MNS) for Boarding (Minor) at 11:54, Jeff Skinner (MNS) for Roughing (Minor) at 16:22, Ryan Strome (SJS) for Tripping (Minor) at 19:31
3rd period
9. Minnesota North Stars , Evgeni Malkin 23 (Jack Hughes 36) at 0:26 (PP)
Penalties :
Jacob Middleton (SJS) for Holding (Minor) at 19:53
Goalie Stats
Marc-Andre Fleury (SJS), 28 saves from 31 shots - (0.903), W, 18-18-1, 60:00 minutes
Brian Elliott (MNS), 22 saves from 24 shots - (0.917), 42:35 minutes
Antti Raanta (MNS), 9 saves from 13 shots - (0.692), L, 10-12-4, 17:25 minutes
Players Stats for San Jose Sharks
Player Name G A P +/- PIM S H SB GA TA FO MP PP MP PK MP
------------------------------------------------------------------------------------
Anthony DeAngelo 0 2 2 2 2 0 0 0 1 0 0/0 22:21 3:59 0:27
David Savard 0 1 1 2 0 1 1 0 1 1 0/0 22:31 4:13 0:34
Derek Forbort 0 0 0 2 0 0 3 0 0 1 0/0 22:31 4:13 0:34
Henri Jokiharju 0 0 0 -1 0 0 2 2 0 0 0/0 15:03 0:00 0:00
Jacob Middleton 0 0 0 -1 2 2 0 2 0 2 0/0 15:06 0:00 0:04
Jakob Silfverberg 0 1 1 1 0 4 1 0 1 0 0/0 18:55 4:03 0:00
Jesper Fast 0 1 1 2 0 3 0 0 0 0 2/2 13:15 0:00 0:32
Joel Edmundson 0 0 0 2 0 1 3 0 1 0 0/0 22:26 3:59 0:31
Michael Bunting 2 0 2 2 0 5 1 0 0 1 1/1 13:02 0:18 0:00
Mike Hoffman 0 0 0 0 0 5 0 1 0 0 2/5 7:51 0:18 0:00
Nick Paul 0 0 0 1 0 1 1 0 0 1 0/2 20:14 4:03 0:00
Oliver Bjorkstrand 2 0 2 0 0 4 1 0 1 1 0/1 20:05 3:51 0:36
Rem Pitlick 0 1 1 2 0 0 0 0 0 1 4/11 8:27 0:00 0:00
Ryan Hartman 0 1 1 0 0 2 3 1 1 0 11/30 19:55 3:51 0:29
Ryan Strome 2 0 2 1 2 4 1 1 0 0 15/24 19:14 4:03 0:04
Sonny Milano 0 0 0 0 0 4 1 0 0 0 2/3 10:29 0:18 0:00
Tanner Pearson 0 0 0 0 0 1 2 1 1 0 0/0 7:32 0:00 0:00
William Karlsson 0 1 1 0 0 0 1 3 0 0 0/2 19:55 3:51 0:29
Players Stats for Minnesota North Stars
Player Name G A P +/- PIM S H SB GA TA FO MP PP MP PK MP
------------------------------------------------------------------------------------
Adam Lowry 0 0 0 -2 0 1 2 0 0 1 6/14 14:07 0:00 2:34
Alex Goligoski 0 0 0 -1 0 1 1 0 0 0 0/0 11:42 0:06 0:00
Andrew Poturalski 0 0 0 0 0 1 1 0 0 0 4/5 6:46 0:00 0:00
Conor Sheary 0 0 0 0 0 1 0 0 0 0 1/1 6:46 0:00 0:00
David Perron 0 0 0 -1 2 2 2 0 0 0 2/3 22:13 0:54 1:58
Evgeni Malkin 2 0 2 -1 0 6 1 0 3 0 14/30 19:50 0:54 0:13
Gustav Forsling 0 0 0 0 2 0 1 2 0 1 0/0 20:01 0:59 3:02
Gustav Nyquist 0 0 0 -2 0 3 2 0 1 0 0/0 12:12 0:00 1:14
Jack Hughes 0 2 2 -1 0 7 1 0 0 0 1/2 23:56 0:54 4:19
Jeff Skinner 0 1 1 0 2 1 1 0 0 0 0/0 13:42 0:11 0:00
Jonathan Toews 1 0 1 0 0 1 2 1 1 0 16/25 17:31 0:11 3:41
Neal Pionk 0 0 0 0 0 1 4 0 0 1 0/0 20:03 0:06 4:04
Nick Holden 0 0 0 -1 0 0 0 0 1 1 0/0 14:16 0:00 1:54
Nino Niederreiter 0 0 0 0 0 0 0 0 0 0 0/0 6:46 0:00 0:00
Rasmus Dahlin 0 0 0 -2 0 2 0 0 0 0 0/0 28:33 0:59 4:28
Viktor Arvidsson 0 0 0 0 0 2 1 0 1 1 0/0 13:41 0:11 0:00
Yegor Sharangovich 0 0 0 -2 0 2 1 0 0 0 0/1 13:30 0:00 2:25
Zdeno Chara 0 0 0 -2 6 0 1 1 1 2 0/0 26:07 0:00 2:56
3 Stars
1 - Michael Bunting (SJS)
2 - Oliver Bjorkstrand (SJS)
3 - Ryan Strome (SJS)
Power Play
San Jose Sharks - 2 on 6 Attempt(s) - 33.33%
Minnesota North Stars - 2 on 3 Attempt(s) - 66.67%
Penalty Kill
San Jose Sharks - 1 on 3 Attempt(s) - 33.33%
- Score 0 goal in Penalty Kill
Minnesota North Stars - 4 on 6 Attempt(s) - 66.67%
- Score 0 goal in Penalty Kill
Team Stat
San Jose Sharks - Hits : 21 - Faceoff Wins : 37 - Blocked Shots : 11 - Penalty Minutes : 6
Minnesota North Stars - Hits : 21 - Faceoff Wins : 44 - Blocked Shots : 4 - Penalty Minutes : 12
Official
Referees : Dan O'Halloran and Marc Joannette
Linesman : Brad Kovachik and Thor Nelson
Game Notes
Brian Elliott enters game at 17:25 of 1st period
Rem Pitlick is injured at 1:35 of 3rd period (Sprained Right Finger)
Finance
Level 1 -- Attendance: 4749 (79.15%) -- Ticket Income $474,900
Level 2 -- Attendance: 4093 (81.86%) -- Ticket Income $245,580
Level 3 -- Attendance: 2355 (78.50%) -- Ticket Income $82,425
Level 4 -- Attendance: 3542 (70.84%) -- Ticket Income $88,550
Luxury Box -- Attendance: 736 (73.60%) -- Ticket Income $147,200
Game was played at the Met Center.
Total Attendance: 15475 (77.38%)
Total Ticket Income: $1,038,655
Other Income: $363,529
Total Income: $1,402,184
San Jose Sharks
5 vs 5 Forward
Center Left Wing Right Wing Time % Phy DF OF
1 Ryan Hartman William Karlsson Oliver Bjorkstrand 30 1 2 2
2 Ryan Strome Nick Paul Jakob Silfverberg 30 1 2 2
3 Rem Pitlick Michael Bunting Jesper Fast 25 1 2 2
4 Mike Hoffman Tanner Pearson Sonny Milano 15 1 2 2
5 vs 5 Defense
Defense Defense Time % Phy DF OF
1 David Savard Derek Forbort 35 1 2 2
2 Anthony DeAngelo Joel Edmundson 35 1 2 2
3 Henri Jokiharju Jacob Middleton 30 1 2 2
4 David Savard Derek Forbort 0 1 2 2
PowerPlay Forward
Center Left Wing Right Wing Time % Phy DF OF
1 Ryan Hartman William Karlsson Oliver Bjorkstrand 50 1 2 2
2 Ryan Strome Nick Paul Jakob Silfverberg 50 1 2 2
PowerPlay Defense
Defense Defense Time % Phy DF OF
1 David Savard Derek Forbort 50 1 2 2
2 Anthony DeAngelo Joel Edmundson 50 1 2 2
Penalty Kill 4 Players Forward
Center Wing Time % Phy DF OF
1 Ryan Hartman William Karlsson 50 1 2 2
2 Ryan Strome Oliver Bjorkstrand 50 1 2 2
Penalty Kill 4 Players Defense
Defense Defense Time % Phy DF OF
1 David Savard Derek Forbort 50 1 2 2
2 Anthony DeAngelo Joel Edmundson 50 1 2 2
Penalty Kill - 3 Players Forward
Forward Time % Phy DF OF
1 Ryan Hartman 50 1 2 2
2 William Karlsson 50 1 2 2
Penalty Kill - 3 Players Defense
Defense Defense Time % Phy DF OF
1 David Savard Derek Forbort 50 1 2 2
2 Anthony DeAngelo Joel Edmundson 50 1 2 2
4 vs 4 Forward
Center Wing Time % Phy DF OF
1 Ryan Hartman William Karlsson 50 1 2 2
2 Ryan Strome Oliver Bjorkstrand 50 1 2 2
4 vs 4 Defense
Defense Defense Time % Phy DF OF
1 David Savard Derek Forbort 50 1 2 2
2 Anthony DeAngelo Joel Edmundson 50 1 2 2
Last Minutes Offensive
Center Left Wing Right Wing Defense Defense
Ryan Hartman William Karlsson Oliver Bjorkstrand David Savard Derek Forbort
Last Minutes Defensive
Center Left Wing Right Wing Defense Defense
Ryan Hartman William Karlsson Oliver Bjorkstrand David Savard Derek Forbort
Goaltenders
Starting : Marc-Andre Fleury
Backup : Malcolm Subban
Extra Forwards
Normal : Sonny Milano, Michael Bunting, Jesper Fast - PP : Sonny Milano, Michael Bunting - PK : Jesper Fast
Extra Defensemen
Normal : Henri Jokiharju, Jacob Middleton, Anthony DeAngelo - PP : Henri Jokiharju - PK : Jacob Middleton, Anthony DeAngelo
Penalty Shots
Ryan Hartman, William Karlsson, Ryan Strome, Oliver Bjorkstrand, Jakob Silfverberg
Minnesota North Stars
5 vs 5 Forward
Center Left Wing Right Wing Time % Phy DF OF
1 Evgeni Malkin Jack Hughes David Perron 40 1 2 2
2 Jonathan Toews Jeff Skinner Viktor Arvidsson 31 1 2 2
3 Adam Lowry Yegor Sharangovich Gustav Nyquist 24 1 2 2
4 Andrew Poturalski Conor Sheary Nino Niederreiter 5 1 2 2
5 vs 5 Defense
Defense Defense Time % Phy DF OF
1 Rasmus Dahlin Zdeno Chara 40 1 2 2
2 Neal Pionk Gustav Forsling 30 1 2 2
3 Alex Goligoski Nick Holden 20 1 2 2
4 Rasmus Dahlin Zdeno Chara 10 1 2 2
PowerPlay Forward
Center Left Wing Right Wing Time % Phy DF OF
1 Evgeni Malkin Jack Hughes David Perron 60 1 2 2
2 Jonathan Toews Jeff Skinner Viktor Arvidsson 40 1 2 2
PowerPlay Defense
Defense Defense Time % Phy DF OF
1 Rasmus Dahlin Gustav Forsling 60 1 2 2
2 Neal Pionk Alex Goligoski 40 1 2 2
Penalty Kill 4 Players Forward
Center Wing Time % Phy DF OF
1 Jonathan Toews Jack Hughes 60 1 2 2
2 Adam Lowry David Perron 40 1 2 2
Penalty Kill 4 Players Defense
Defense Defense Time % Phy DF OF
1 Rasmus Dahlin Zdeno Chara 60 1 2 2
2 Neal Pionk Gustav Forsling 40 1 2 2
Penalty Kill - 3 Players Forward
Forward Time % Phy DF OF
1 Jonathan Toews 60 1 2 2
2 Adam Lowry 40 1 2 2
Penalty Kill - 3 Players Defense
Defense Defense Time % Phy DF OF
1 Nick Holden Zdeno Chara 60 1 2 2
2 Neal Pionk Gustav Forsling 40 1 2 2
4 vs 4 Forward
Center Wing Time % Phy DF OF
1 Evgeni Malkin Jack Hughes 60 1 2 2
2 Jonathan Toews David Perron 40 1 2 2
4 vs 4 Defense
Defense Defense Time % Phy DF OF
1 Rasmus Dahlin Gustav Forsling 60 1 2 2
2 Neal Pionk Alex Goligoski 40 1 2 2
Last Minutes Offensive
Center Left Wing Right Wing Defense Defense
Evgeni Malkin Jack Hughes David Perron Rasmus Dahlin Gustav Forsling
Last Minutes Defensive
Center Left Wing Right Wing Defense Defense
Jonathan Toews Adam Lowry Yegor Sharangovich Rasmus Dahlin Gustav Forsling
Goaltenders
Starting : Antti Raanta
Backup : Brian Elliott
Extra Forwards
Normal : Evgeni Malkin, Jack Hughes, Jeff Skinner - PP : Evgeni Malkin, Jack Hughes - PK : Jonathan Toews
Extra Defensemen
Normal : Rasmus Dahlin, Neal Pionk, Gustav Forsling - PP : Rasmus Dahlin - PK : Nick Holden, Neal Pionk
Penalty Shots
Evgeni Malkin, Jack Hughes, Jeff Skinner, David Perron, Yegor Sharangovich
% Time on Ice - San Jose Sharks
Lines # - Real PCT - Wanted PCT - Time Play
Normal Forward
1 - 31% - 30% - 15:35
2 - 29% - 30% - 14:53
3 - 25% - 25% - 12:43
4 - 15% - 15% - 7:32
Normal Defense
1 - 35% - 35% - 17:31
2 - 35% - 35% - 17:56
3 - 30% - 30% - 15:03
4 - 0% - 0% - 0:13
PP Forward
1 - 47% - 50% - 3:51
2 - 53% - 50% - 4:21
PP Defense
1 - 51% - 50% - 4:13
2 - 49% - 50% - 3:59
PK Forward
1 - 45% - 50% - 0:29
2 - 55% - 50% - 0:36
PK Defense
1 - 52% - 50% - 0:34
2 - 48% - 50% - 0:31
PK3 Forward
1 - 0% - 50%
2 - 0% - 50%
PK3 Defense
1 - 0% - 50%
2 - 0% - 50%
44 Forward
1 - 0% - 50%
2 - 0% - 50%
44 Defense
1 - 0% - 50%
2 - 0% - 50%
Last Minute Offensive - 0:00
Last Minute Defensive - 0:00
Total
Forward - 60:00
Defense - 60:00
|
% Time on Ice - Minnesota North Stars
Lines # - Real PCT - Wanted PCT - Time Play
Normal Forward
1 - 37% - 40% - 18:54
2 - 28% - 31% - 14:08
3 - 22% - 24% - 10:55
4 - 13% - 5% - 6:46
Normal Defense
1 - 41% - 40% - 20:34
2 - 31% - 30% - 15:53
3 - 23% - 20% - 11:36
4 - 5% - 10% - 2:40
PP Forward
1 - 83% - 60% - 0:54
2 - 17% - 40% - 0:11
PP Defense
1 - 91% - 60% - 0:59
2 - 9% - 40% - 0:06
PK Forward
1 - 69% - 60% - 5:38
2 - 31% - 40% - 2:34
PK Defense
1 - 50% - 60% - 4:08
2 - 50% - 40% - 4:04
PK3 Forward
1 - 0% - 60%
2 - 0% - 40%
PK3 Defense
1 - 0% - 60%
2 - 0% - 40%
44 Forward
1 - 0% - 60%
2 - 0% - 40%
44 Defense
1 - 0% - 60%
2 - 0% - 40%
Last Minute Offensive - 0:00
Last Minute Defensive - 0:00
Total
Forward - 60:00
Defense - 60:00
|
Play-by-Play
1st period
0:01 of 1st period - Ryan Hartman wins face-off versus Evgeni Malkin in neutral zone.
0:14 of 1st period - Wrist shot by Oliver Bjorkstrand.
0:14 of 1st period - Stopped by Antti Raanta without a rebound.
0:15 of 1st period - Ryan Strome wins face-off versus Jonathan Toews in Minnesota North Stars zone.
0:20 of 1st period - Snap shot by Ryan Strome.
0:20 of 1st period - Shot Blocked by Jonathan Toews.
0:22 of 1st period - Slapshot by Jakob Silfverberg.
0:22 of 1st period - Shot Misses the Net.
0:24 of 1st period - Wrist shot by Nick Paul.
0:24 of 1st period - Shot Blocked by Gustav Forsling.
0:26 of 1st period - Slapshot by Joel Edmundson.
0:26 of 1st period - Deflect By Neal Pionk.
0:26 of 1st period - Stopped by Antti Raanta with a rebound.
1:13 of 1st period - Snap shot by Jack Hughes.
1:13 of 1st period - Stopped by Marc-Andre Fleury without a rebound.
1:14 of 1st period - Andrew Poturalski wins face-off versus Ryan Hartman in San Jose Sharks zone.
2:08 of 1st period - Wrist shot by Jack Hughes.
2:08 of 1st period - Shot Misses the Net.
2:10 of 1st period - Snap shot by Jack Hughes.
2:10 of 1st period - Stopped by Marc-Andre Fleury with a rebound.
2:16 of 1st period - Snap shot by Jack Hughes.
2:16 of 1st period - Deflect By Evgeni Malkin.
2:16 of 1st period - Stopped by Marc-Andre Fleury with a rebound.
2:36 of 1st period - Snap shot by Mike Hoffman.
2:36 of 1st period - Deflect By Jeff Skinner.
2:36 of 1st period - Shot Misses the Net.
2:36 of 1st period - Puck is out of play.
2:37 of 1st period - Ryan Hartman wins face-off versus Adam Lowry in Minnesota North Stars zone.
3:02 of 1st period - Zdeno Chara is hit by Henri Jokiharju and loses puck.
3:29 of 1st period - Derek Forbort is hit by Alex Goligoski and loses puck.
3:53 of 1st period - Off-side.
3:54 of 1st period - Adam Lowry wins face-off versus Ryan Hartman in neutral zone.
4:14 of 1st period - Off-side.
4:15 of 1st period - Ryan Strome wins face-off versus Jonathan Toews in neutral zone.
5:03 of 1st period - Snap shot by Michael Bunting.
5:03 of 1st period - Goal by Michael Bunting - San Jose Sharks : 1 - Minnesota North Stars : 0.
5:04 of 1st period - Evgeni Malkin wins face-off versus Rem Pitlick in neutral zone.
5:17 of 1st period - Slapshot by Anthony DeAngelo.
5:17 of 1st period - Deflect By Michael Bunting.
5:17 of 1st period - Shot Misses the Net.
5:17 of 1st period - Puck is out of play.
5:18 of 1st period - Jack Hughes wins face-off versus Ryan Hartman in Minnesota North Stars zone.
6:20 of 1st period - Minor Penalty to Zdeno Chara for Roughing.
6:21 of 1st period - Ryan Hartman wins face-off versus Jonathan Toews in Minnesota North Stars zone.
7:41 of 1st period - Rasmus Dahlin is hit by Joel Edmundson.
8:16 of 1st period - Icing by Anthony DeAngelo.
8:17 of 1st period - Adam Lowry wins face-off versus Ryan Strome in San Jose Sharks zone.
8:20 of 1st period - Penalty to Zdeno Chara is over, Zdeno Chara is back on ice.
8:22 of 1st period - Slapshot by Rasmus Dahlin.
8:22 of 1st period - Shot Misses the Net.
8:34 of 1st period - Rasmus Dahlin is hit by Joel Edmundson.
8:52 of 1st period - David Perron is hit by Joel Edmundson and loses puck.
8:57 of 1st period - Snap shot by Sonny Milano.
8:57 of 1st period - Stopped by Antti Raanta without a rebound.
8:58 of 1st period - Jonathan Toews wins face-off versus William Karlsson in Minnesota North Stars zone.
9:12 of 1st period - Icing by Ryan Hartman.
9:13 of 1st period - Evgeni Malkin wins face-off versus Ryan Hartman in San Jose Sharks zone.
9:36 of 1st period - Viktor Arvidsson is hit by Ryan Hartman and loses puck.
10:09 of 1st period - Wrist shot by Ryan Strome.
10:09 of 1st period - Goal by Ryan Strome - San Jose Sharks : 2 - Minnesota North Stars : 0.
10:10 of 1st period - Ryan Strome wins face-off versus Evgeni Malkin in neutral zone.
10:17 of 1st period - Off-side.
10:18 of 1st period - Evgeni Malkin wins face-off versus Ryan Strome in neutral zone.
10:39 of 1st period - Wrist shot by Evgeni Malkin.
10:39 of 1st period - Goal by Evgeni Malkin - San Jose Sharks : 2 - Minnesota North Stars : 1.
10:40 of 1st period - Evgeni Malkin wins face-off versus Rem Pitlick in neutral zone.
10:55 of 1st period - Wrist shot by Jesper Fast.
10:55 of 1st period - Stopped by Antti Raanta without a rebound.
10:56 of 1st period - Ryan Strome wins face-off versus Adam Lowry in Minnesota North Stars zone.
11:04 of 1st period - Icing by Zdeno Chara.
11:05 of 1st period - Adam Lowry wins face-off versus Ryan Strome in Minnesota North Stars zone.
11:16 of 1st period - Slapshot by Adam Lowry.
11:16 of 1st period - Deflect By Yegor Sharangovich.
11:16 of 1st period - Stopped by Marc-Andre Fleury without a rebound.
11:17 of 1st period - Evgeni Malkin wins face-off versus Ryan Hartman in San Jose Sharks zone.
11:25 of 1st period - Off-side.
11:26 of 1st period - Ryan Hartman wins face-off versus Evgeni Malkin in neutral zone.
12:07 of 1st period - Snap shot by Evgeni Malkin.
12:07 of 1st period - Stopped by Marc-Andre Fleury without a rebound.
12:08 of 1st period - Rem Pitlick wins face-off versus Adam Lowry in San Jose Sharks zone.
12:08 of 1st period - Rem Pitlick is hit by Adam Lowry.
12:32 of 1st period - Minor Penalty to Zdeno Chara for Tripping.
12:33 of 1st period - Ryan Hartman wins face-off versus Jonathan Toews in Minnesota North Stars zone.
12:34 of 1st period - Wrist shot by Oliver Bjorkstrand.
12:34 of 1st period - Stopped by Antti Raanta without a rebound.
12:35 of 1st period - Ryan Hartman wins face-off versus Jonathan Toews in Minnesota North Stars zone.
12:36 of 1st period - Wrist shot by Oliver Bjorkstrand.
12:36 of 1st period - Goal by Oliver Bjorkstrand - San Jose Sharks : 3 - Minnesota North Stars : 1.
12:37 of 1st period - Ryan Strome wins face-off versus Jack Hughes in neutral zone.
12:47 of 1st period - Backhand shot by Jack Hughes.
12:47 of 1st period - Shot Misses the Net.
13:09 of 1st period - Snap shot by Mike Hoffman.
13:09 of 1st period - Stopped by Antti Raanta without a rebound.
13:10 of 1st period - Jonathan Toews wins face-off versus Mike Hoffman in Minnesota North Stars zone.
13:25 of 1st period - Wrist shot by Jeff Skinner.
13:25 of 1st period - Shot Blocked by Jacob Middleton.
14:21 of 1st period - Off-side.
14:22 of 1st period - Andrew Poturalski wins face-off versus Ryan Hartman in neutral zone.
14:27 of 1st period - Zdeno Chara is hit by Derek Forbort.
14:39 of 1st period - Snap shot by Rasmus Dahlin.
14:39 of 1st period - Deflect By William Karlsson.
14:39 of 1st period - Stopped by Marc-Andre Fleury without a rebound.
14:40 of 1st period - Evgeni Malkin wins face-off versus Ryan Strome in San Jose Sharks zone.
14:47 of 1st period - Slapshot by Jack Hughes.
14:47 of 1st period - Stopped by Marc-Andre Fleury without a rebound.
14:48 of 1st period - Ryan Strome wins face-off versus Evgeni Malkin in San Jose Sharks zone.
15:13 of 1st period - Snap shot by Jakob Silfverberg.
15:13 of 1st period - Stopped by Antti Raanta without a rebound.
15:14 of 1st period - Jonathan Toews wins face-off versus Rem Pitlick in Minnesota North Stars zone.
15:23 of 1st period - Wrist shot by Jonathan Toews.
15:23 of 1st period - Shot Misses the Net.
16:13 of 1st period - Slapshot by Mike Hoffman.
16:13 of 1st period - Stopped by Antti Raanta without a rebound.
16:14 of 1st period - Jonathan Toews wins face-off versus Rem Pitlick in Minnesota North Stars zone.
16:18 of 1st period - Off-side.
16:19 of 1st period - Michael Bunting wins face-off versus Jonathan Toews in neutral zone.
16:44 of 1st period - Joel Edmundson is hit by Neal Pionk and loses puck.
17:13 of 1st period - Snap shot by Evgeni Malkin.
17:13 of 1st period - Stopped by Marc-Andre Fleury without a rebound.
17:14 of 1st period - Rem Pitlick wins face-off versus Adam Lowry in San Jose Sharks zone.
17:19 of 1st period - Wrist shot by Jesper Fast.
17:19 of 1st period - Deflect By Michael Bunting.
17:19 of 1st period - Stopped by Antti Raanta with a rebound.
17:21 of 1st period - Snap shot by Michael Bunting.
17:21 of 1st period - Shot Misses the Net.
17:23 of 1st period - Wrist shot by Michael Bunting.
17:23 of 1st period - Shot Misses the Net.
17:25 of 1st period - Snap shot by Michael Bunting.
17:25 of 1st period - Goal by Michael Bunting - San Jose Sharks : 4 - Minnesota North Stars : 1.
17:25 of 1st period - Brian Elliott enters game.
17:26 of 1st period - Ryan Hartman wins face-off versus Evgeni Malkin in neutral zone.
18:35 of 1st period - Snap shot by Nick Paul.
18:35 of 1st period - Stopped by Brian Elliott with a rebound.
18:41 of 1st period - Wrist shot by Conor Sheary.
18:41 of 1st period - Stopped by Marc-Andre Fleury with a rebound.
18:43 of 1st period - Slapshot by Gustav Forsling.
18:43 of 1st period - Shot Misses the Net.
19:17 of 1st period - Snap shot by Michael Bunting.
19:17 of 1st period - Deflect By Mike Hoffman.
19:17 of 1st period - Stopped by Brian Elliott without a rebound.
19:18 of 1st period - Mike Hoffman wins face-off versus Evgeni Malkin in Minnesota North Stars zone.
19:23 of 1st period - Slapshot by Mike Hoffman.
19:23 of 1st period - Deflect By Sonny Milano.
19:23 of 1st period - Stopped by Brian Elliott with a rebound.
19:29 of 1st period - Snap shot by Sonny Milano.
19:29 of 1st period - Stopped by Brian Elliott with a rebound.
19:31 of 1st period - Snap shot by David Savard.
19:31 of 1st period - Stopped by Brian Elliott with a rebound.
19:33 of 1st period - Slapshot by Tanner Pearson.
19:33 of 1st period - Stopped by Brian Elliott with a rebound.
Goals for this period are 4 for San Jose Sharks vs 1 for Minnesota North Stars.
Shots for this period are 19 for San Jose Sharks vs 10 for Minnesota North Stars.
2nd period
0:01 of 2nd period - Ryan Strome wins face-off versus David Perron in neutral zone.
0:17 of 2nd period - Off-side.
0:18 of 2nd period - Jonathan Toews wins face-off versus Ryan Hartman in neutral zone.
0:31 of 2nd period - Snap shot by Ryan Hartman.
0:31 of 2nd period - Shot Misses the Net.
0:33 of 2nd period - Snap shot by Ryan Hartman.
0:33 of 2nd period - Stopped by Brian Elliott without a rebound.
0:34 of 2nd period - Sonny Milano wins face-off versus Evgeni Malkin in Minnesota North Stars zone.
0:55 of 2nd period - Minor Penalty to David Perron for Hooking.
0:56 of 2nd period - Jonathan Toews wins face-off versus Ryan Strome in Minnesota North Stars zone.
1:27 of 2nd period - Jonathan Toews is hit by Ryan Hartman and loses puck.
1:32 of 2nd period - Snap shot by Ryan Hartman.
1:32 of 2nd period - Stopped by Brian Elliott with a rebound.
1:42 of 2nd period - Slapshot by Rasmus Dahlin.
1:42 of 2nd period - Shot Misses the Net.
1:46 of 2nd period - Snap shot by Adam Lowry.
1:46 of 2nd period - Stopped by Marc-Andre Fleury with a rebound.
2:55 of 2nd period - Penalty to David Perron is over, David Perron is back on ice.
3:06 of 2nd period - Slapshot by Michael Bunting.
3:06 of 2nd period - Stopped by Brian Elliott with a rebound.
3:08 of 2nd period - Slapshot by Jacob Middleton.
3:08 of 2nd period - Shot Misses the Net.
3:10 of 2nd period - Slapshot by Jacob Middleton.
3:10 of 2nd period - Stopped by Brian Elliott with a rebound.
3:12 of 2nd period - Wrist shot by Jesper Fast.
3:12 of 2nd period - Shot Misses the Net.
3:40 of 2nd period - Snap shot by Nino Niederreiter.
3:40 of 2nd period - Shot Misses the Net.
3:42 of 2nd period - Slapshot by Nick Holden.
3:42 of 2nd period - Shot Misses the Net.
3:44 of 2nd period - Slapshot by Alex Goligoski.
3:44 of 2nd period - Stopped by Marc-Andre Fleury with a rebound.
3:46 of 2nd period - Snap shot by Conor Sheary.
3:46 of 2nd period - Deflect By Andrew Poturalski.
3:46 of 2nd period - Stopped by Marc-Andre Fleury without a rebound.
3:47 of 2nd period - Jonathan Toews wins face-off versus Rem Pitlick in San Jose Sharks zone.
4:14 of 2nd period - Anthony DeAngelo is hit by David Perron and loses puck.
4:35 of 2nd period - Snap shot by Gustav Nyquist.
4:35 of 2nd period - Shot Blocked by Ryan Hartman.
4:37 of 2nd period - Wrist shot by Gustav Nyquist.
4:37 of 2nd period - Stopped by Marc-Andre Fleury with a rebound.
4:53 of 2nd period - Snap shot by Mike Hoffman.
4:53 of 2nd period - Stopped by Brian Elliott with a rebound.
4:55 of 2nd period - Snap shot by Jacob Middleton.
4:55 of 2nd period - Stopped by Brian Elliott without a rebound.
4:56 of 2nd period - Jonathan Toews wins face-off versus Mike Hoffman in Minnesota North Stars zone.
5:32 of 2nd period - Snap shot by Jakob Silfverberg.
5:32 of 2nd period - Stopped by Brian Elliott without a rebound.
5:33 of 2nd period - Jonathan Toews wins face-off versus Ryan Hartman in Minnesota North Stars zone.
6:13 of 2nd period - Slapshot by David Perron.
6:13 of 2nd period - Stopped by Marc-Andre Fleury without a rebound.
6:14 of 2nd period - Rem Pitlick wins face-off versus Adam Lowry in San Jose Sharks zone.
6:33 of 2nd period - Michael Bunting is hit by Adam Lowry.
6:36 of 2nd period - Icing by Anthony DeAngelo.
6:37 of 2nd period - Rem Pitlick wins face-off versus Evgeni Malkin in San Jose Sharks zone.
7:27 of 2nd period - Off-side.
7:28 of 2nd period - Ryan Strome wins face-off versus Andrew Poturalski in neutral zone.
7:36 of 2nd period - Nick Paul is hit by Andrew Poturalski and loses puck.
8:25 of 2nd period - Icing by Henri Jokiharju.
8:26 of 2nd period - Ryan Hartman wins face-off versus Adam Lowry in San Jose Sharks zone.
8:56 of 2nd period - Off-side.
8:57 of 2nd period - Evgeni Malkin wins face-off versus Ryan Strome in neutral zone.
9:07 of 2nd period - Minor Penalty to Zdeno Chara for Hooking.
9:08 of 2nd period - Jonathan Toews wins face-off versus Ryan Hartman in Minnesota North Stars zone.
9:08 of 2nd period - Jonathan Toews is hit by Oliver Bjorkstrand.
9:19 of 2nd period - Slapshot by Anthony DeAngelo.
9:19 of 2nd period - Deflect By Oliver Bjorkstrand.
9:19 of 2nd period - Goal by Oliver Bjorkstrand - San Jose Sharks : 5 - Minnesota North Stars : 1.
9:20 of 2nd period - David Perron wins face-off versus Ryan Strome in neutral zone.
9:36 of 2nd period - Wrist shot by Jakob Silfverberg.
9:36 of 2nd period - Stopped by Brian Elliott without a rebound.
9:37 of 2nd period - Jonathan Toews wins face-off versus Ryan Hartman in Minnesota North Stars zone.
9:42 of 2nd period - Ryan Hartman is hit by Jeff Skinner and loses puck.
9:49 of 2nd period - Rasmus Dahlin is hit by David Savard.
10:27 of 2nd period - Rem Pitlick is hit by Neal Pionk and loses puck.
10:52 of 2nd period - Slapshot by Yegor Sharangovich.
10:52 of 2nd period - Stopped by Marc-Andre Fleury without a rebound.
10:53 of 2nd period - Adam Lowry wins face-off versus Mike Hoffman in San Jose Sharks zone.
10:56 of 2nd period - Slapshot by Rasmus Dahlin.
10:56 of 2nd period - Shot Misses the Net.
10:58 of 2nd period - Minor Penalty to Anthony DeAngelo for Hooking.
10:59 of 2nd period - Jonathan Toews wins face-off versus William Karlsson in San Jose Sharks zone.
11:00 of 2nd period - Slapshot by Jeff Skinner.
11:00 of 2nd period - Shot Blocked by Jacob Middleton.
11:02 of 2nd period - Slapshot by Jonathan Toews.
11:02 of 2nd period - Goal by Jonathan Toews - San Jose Sharks : 5 - Minnesota North Stars : 2.
11:03 of 2nd period - Jonathan Toews wins face-off versus Ryan Hartman in neutral zone.
11:28 of 2nd period - Rasmus Dahlin is hit by Nick Paul.
11:49 of 2nd period - Wrist shot by Sonny Milano.
11:49 of 2nd period - Deflect By Mike Hoffman.
11:49 of 2nd period - Stopped by Brian Elliott with a rebound.
11:54 of 2nd period - Minor Penalty to Gustav Forsling for Boarding.
11:55 of 2nd period - Ryan Strome wins face-off versus Jonathan Toews in Minnesota North Stars zone.
12:25 of 2nd period - Jonathan Toews is hit by William Karlsson and loses puck.
13:54 of 2nd period - Penalty to Gustav Forsling is over, Gustav Forsling is back on ice.
14:06 of 2nd period - Icing by Nino Niederreiter.
14:07 of 2nd period - Conor Sheary wins face-off versus Rem Pitlick in Minnesota North Stars zone.
14:28 of 2nd period - Alex Goligoski is hit by Michael Bunting and loses puck.
14:45 of 2nd period - Wrist shot by Jesper Fast.
14:45 of 2nd period - Deflect By Michael Bunting.
14:45 of 2nd period - Stopped by Brian Elliott without a rebound.
14:46 of 2nd period - Jonathan Toews wins face-off versus Ryan Hartman in Minnesota North Stars zone.
14:51 of 2nd period - Wrist shot by Viktor Arvidsson.
14:51 of 2nd period - Shot Blocked by William Karlsson.
15:11 of 2nd period - Jack Hughes is hit by Jakob Silfverberg and loses puck.
15:16 of 2nd period - Slapshot by Ryan Strome.
15:16 of 2nd period - Shot Blocked by Zdeno Chara.
15:20 of 2nd period - Snap shot by Ryan Strome.
15:20 of 2nd period - Goal by Ryan Strome - San Jose Sharks : 6 - Minnesota North Stars : 2.
15:21 of 2nd period - Jonathan Toews wins face-off versus Ryan Hartman in neutral zone.
15:24 of 2nd period - Wrist shot by Viktor Arvidsson.
15:24 of 2nd period - Stopped by Marc-Andre Fleury with a rebound.
15:26 of 2nd period - Wrist shot by Viktor Arvidsson.
15:26 of 2nd period - Shot Blocked by William Karlsson.
15:40 of 2nd period - Oliver Bjorkstrand is hit by Jonathan Toews and loses puck.
15:57 of 2nd period - Viktor Arvidsson is hit by Derek Forbort and loses puck.
16:22 of 2nd period - Minor Penalty to Jeff Skinner for Roughing.
16:23 of 2nd period - Ryan Strome wins face-off versus Yegor Sharangovich in Minnesota North Stars zone.
16:53 of 2nd period - Adam Lowry is hit by Derek Forbort and loses puck.
17:34 of 2nd period - Ryan Hartman is hit by Yegor Sharangovich and loses puck.
17:41 of 2nd period - Snap shot by Yegor Sharangovich.
17:41 of 2nd period - Shot Misses the Net.
18:22 of 2nd period - Penalty to Jeff Skinner is over, Jeff Skinner is back on ice.
19:01 of 2nd period - Snap shot by Jeff Skinner.
19:01 of 2nd period - Stopped by Marc-Andre Fleury with a rebound.
19:10 of 2nd period - Icing by Jesper Fast.
19:11 of 2nd period - Adam Lowry wins face-off versus Rem Pitlick in San Jose Sharks zone.
19:12 of 2nd period - Snap shot by Gustav Nyquist.
19:12 of 2nd period - Shot Blocked by Henri Jokiharju.
19:14 of 2nd period - Wrist shot by Gustav Nyquist.
19:14 of 2nd period - Deflect By Michael Bunting.
19:14 of 2nd period - Shot Misses the Net.
19:14 of 2nd period - Puck is out of play.
19:15 of 2nd period - Ryan Strome wins face-off versus Adam Lowry in San Jose Sharks zone.
19:22 of 2nd period - Snap shot by Gustav Nyquist.
19:22 of 2nd period - Stopped by Marc-Andre Fleury without a rebound.
19:23 of 2nd period - Evgeni Malkin wins face-off versus Ryan Strome in San Jose Sharks zone.
19:31 of 2nd period - Minor Penalty to Ryan Strome for Tripping.
19:32 of 2nd period - Jesper Fast wins face-off versus Evgeni Malkin in San Jose Sharks zone.
Goals for this period are 2 for San Jose Sharks vs 1 for Minnesota North Stars.
Shots for this period are 12 for San Jose Sharks vs 10 for Minnesota North Stars.
3rd period
0:01 of 3rd period - Jesper Fast wins face-off versus Evgeni Malkin in neutral zone.
0:04 of 3rd period - Slapshot by Anthony DeAngelo.
0:04 of 3rd period - Shot Misses the Net.
0:14 of 3rd period - Snap shot by Evgeni Malkin.
0:14 of 3rd period - Stopped by Marc-Andre Fleury with a rebound.
0:16 of 3rd period - Snap shot by Rasmus Dahlin.
0:16 of 3rd period - Stopped by Marc-Andre Fleury without a rebound.
0:17 of 3rd period - Evgeni Malkin wins face-off versus Ryan Hartman in San Jose Sharks zone.
0:22 of 3rd period - Snap shot by Jack Hughes.
0:22 of 3rd period - Stopped by Marc-Andre Fleury without a rebound.
0:23 of 3rd period - Evgeni Malkin wins face-off versus Ryan Hartman in San Jose Sharks zone.
0:24 of 3rd period - Wrist shot by Jack Hughes.
0:24 of 3rd period - Shot Misses the Net.
0:26 of 3rd period - Wrist shot by Evgeni Malkin.
0:26 of 3rd period - Goal by Evgeni Malkin - San Jose Sharks : 6 - Minnesota North Stars : 3.
0:27 of 3rd period - Evgeni Malkin wins face-off versus Ryan Strome in neutral zone.
0:41 of 3rd period - Snap shot by Jakob Silfverberg.
0:41 of 3rd period - Deflect By Nick Paul.
0:41 of 3rd period - Shot Misses the Net.
0:41 of 3rd period - Puck is out of play.
0:42 of 3rd period - Ryan Hartman wins face-off versus Adam Lowry in Minnesota North Stars zone.
1:09 of 3rd period - Nick Paul is hit by Gustav Forsling and loses puck.
1:34 of 3rd period - Rem Pitlick is hit by Jonathan Toews and loses puck.
1:35 of 3rd period - Rem Pitlick from San Jose Sharks is injured at 1:35 of 3rd period (Sprained Right Finger).
1:36 of 3rd period - Ryan Strome wins face-off versus Evgeni Malkin in San Jose Sharks zone.
2:21 of 3rd period - Anthony DeAngelo is hit by Neal Pionk and loses puck.
2:30 of 3rd period - Wrist shot by Michael Bunting.
2:30 of 3rd period - Shot Misses the Net.
2:32 of 3rd period - Snap shot by Jesper Fast.
2:32 of 3rd period - Shot Blocked by Gustav Forsling.
2:49 of 3rd period - Snap shot by Viktor Arvidsson.
2:49 of 3rd period - Stopped by Marc-Andre Fleury with a rebound.
4:14 of 3rd period - Zdeno Chara is hit by Ryan Strome and loses puck.
4:37 of 3rd period - Snap shot by Sonny Milano.
4:37 of 3rd period - Stopped by Brian Elliott without a rebound.
4:38 of 3rd period - Mike Hoffman wins face-off versus Evgeni Malkin in Minnesota North Stars zone.
4:47 of 3rd period - Snap shot by Evgeni Malkin.
4:47 of 3rd period - Shot Blocked by Tanner Pearson.
5:04 of 3rd period - Adam Lowry is hit by Sonny Milano and loses puck.
5:29 of 3rd period - Anthony DeAngelo is hit by Zdeno Chara and loses puck.
5:46 of 3rd period - Wrist shot by Jack Hughes.
5:46 of 3rd period - Stopped by Marc-Andre Fleury without a rebound.
5:47 of 3rd period - Evgeni Malkin wins face-off versus Ryan Hartman in San Jose Sharks zone.
5:50 of 3rd period - Slapshot by Evgeni Malkin.
5:50 of 3rd period - Shot Misses the Net.
5:52 of 3rd period - Backhand shot by Jack Hughes.
5:52 of 3rd period - Shot Misses the Net.
5:54 of 3rd period - Wrist shot by Neal Pionk.
5:54 of 3rd period - Stopped by Marc-Andre Fleury without a rebound.
5:55 of 3rd period - Ryan Strome wins face-off versus Evgeni Malkin in San Jose Sharks zone.
5:59 of 3rd period - David Savard is hit by Neal Pionk.
6:01 of 3rd period - Wrist shot by Ryan Strome.
6:01 of 3rd period - Stopped by Brian Elliott without a rebound.
6:02 of 3rd period - David Perron wins face-off versus Nick Paul in Minnesota North Stars zone.
7:04 of 3rd period - Snap shot by Jack Hughes.
7:04 of 3rd period - Stopped by Marc-Andre Fleury with a rebound.
7:06 of 3rd period - Slapshot by David Perron.
7:06 of 3rd period - Shot Misses the Net.
7:18 of 3rd period - Snap shot by Evgeni Malkin.
7:18 of 3rd period - Deflect By David Perron.
7:18 of 3rd period - Shot Blocked by Ryan Strome.
7:18 of 3rd period - Puck is out of play.
7:19 of 3rd period - Jonathan Toews wins face-off versus Ryan Hartman in San Jose Sharks zone.
7:52 of 3rd period - Wrist shot by Gustav Nyquist.
7:52 of 3rd period - Stopped by Marc-Andre Fleury without a rebound.
7:53 of 3rd period - Adam Lowry wins face-off versus Sonny Milano in San Jose Sharks zone.
7:58 of 3rd period - Wrist shot by Yegor Sharangovich.
7:58 of 3rd period - Shot Misses the Net.
8:10 of 3rd period - Anthony DeAngelo is hit by Gustav Nyquist and loses puck.
8:35 of 3rd period - Wrist shot by Jesper Fast.
8:35 of 3rd period - Stopped by Brian Elliott with a rebound.
8:41 of 3rd period - Michael Bunting is hit by Gustav Nyquist and loses puck.
8:57 of 3rd period - Off-side.
8:58 of 3rd period - Evgeni Malkin wins face-off versus Oliver Bjorkstrand in neutral zone.
9:01 of 3rd period - Slapshot by Rasmus Dahlin.
9:01 of 3rd period - Deflect By Evgeni Malkin.
9:01 of 3rd period - Shot Blocked by William Karlsson.
9:01 of 3rd period - Puck is out of play.
9:02 of 3rd period - Ryan Hartman wins face-off versus Evgeni Malkin in San Jose Sharks zone.
9:02 of 3rd period - Ryan Hartman is hit by Evgeni Malkin.
9:08 of 3rd period - Evgeni Malkin is hit by Ryan Hartman and loses puck.
9:55 of 3rd period - Snap shot by Mike Hoffman.
9:55 of 3rd period - Shot Misses the Net.
10:05 of 3rd period - Snap shot by Jeff Skinner.
10:05 of 3rd period - Shot Hit the Post.
10:11 of 3rd period - Nino Niederreiter is hit by Henri Jokiharju and loses puck.
12:37 of 3rd period - Gustav Nyquist is hit by Tanner Pearson and loses puck.
12:42 of 3rd period - Snap shot by Tanner Pearson.
12:42 of 3rd period - Shot Misses the Net.
13:30 of 3rd period - Conor Sheary is hit by Tanner Pearson and loses puck.
14:38 of 3rd period - Snap shot by David Perron.
14:38 of 3rd period - Stopped by Marc-Andre Fleury without a rebound.
14:39 of 3rd period - Evgeni Malkin wins face-off versus Ryan Hartman in San Jose Sharks zone.
14:40 of 3rd period - Backhand shot by Jack Hughes.
14:40 of 3rd period - Stopped by Marc-Andre Fleury with a rebound.
14:42 of 3rd period - Snap shot by David Perron.
14:42 of 3rd period - Shot Blocked by Henri Jokiharju.
14:44 of 3rd period - Wrist shot by Jack Hughes.
14:44 of 3rd period - Shot Misses the Net.
15:16 of 3rd period - Ryan Hartman is hit by Jack Hughes and loses puck.
15:33 of 3rd period - Off-side.
15:34 of 3rd period - Ryan Strome wins face-off versus Jonathan Toews in neutral zone.
15:43 of 3rd period - Wrist shot by Ryan Strome.
15:43 of 3rd period - Stopped by Brian Elliott with a rebound.
15:51 of 3rd period - Nick Paul is hit by Viktor Arvidsson and loses puck.
16:04 of 3rd period - Slapshot by Nino Niederreiter.
16:04 of 3rd period - Shot Misses the Net.
16:28 of 3rd period - Slapshot by Jakob Silfverberg.
16:28 of 3rd period - Stopped by Brian Elliott without a rebound.
16:29 of 3rd period - Sonny Milano wins face-off versus Jonathan Toews in Minnesota North Stars zone.
16:34 of 3rd period - Snap shot by Jesper Fast.
16:34 of 3rd period - Shot Misses the Net.
16:54 of 3rd period - Joel Edmundson is hit by David Perron and loses puck.
17:18 of 3rd period - Snap shot by Gustav Nyquist.
17:18 of 3rd period - Shot Blocked by Mike Hoffman.
17:31 of 3rd period - Icing by Gustav Nyquist.
17:32 of 3rd period - Andrew Poturalski wins face-off versus Nick Paul in Minnesota North Stars zone.
17:39 of 3rd period - Snap shot by Jesper Fast.
17:39 of 3rd period - Stopped by Brian Elliott with a rebound.
17:42 of 3rd period - Icing by Alex Goligoski.
17:43 of 3rd period - Andrew Poturalski wins face-off versus Ryan Hartman in Minnesota North Stars zone.
19:36 of 3rd period - Off-side.
19:37 of 3rd period - Ryan Strome wins face-off versus Evgeni Malkin in neutral zone.
19:53 of 3rd period - Minor Penalty to Jacob Middleton for Holding.
19:54 of 3rd period - Ryan Hartman wins face-off versus Evgeni Malkin in San Jose Sharks zone.
Goals for this period are 0 for San Jose Sharks vs 1 for Minnesota North Stars.
Shots for this period are 6 for San Jose Sharks vs 11 for Minnesota North Stars.
Back to the Top